[Event "Charlotte IM-C May 2022"]
[Site "Charlotte"]
[Date "2022.05.08"]
[Round "8.2"]
[White "Wang, Tianqi"]
[Black "Zapata, Alonso"]
[Result "1-0"]
[ECO "B22"]
[WhiteElo "2331"]
[BlackElo "2367"]
[Annotator "TA"]
[PlyCount "61"]
[EventDate "2022.05.04"]
[EventType "tourn"]
[EventCountry "USA"]
[SourceTitle "playchess.com"]
[Source "ChessBase"]
[SourceQuality "1"]
[TimeControl "5400+30"]

1. e4 c5 2. c3 d5 3. exd5 Qxd5 4. d4 Nc6 5. Nf3 Bg4 6. Be2 cxd4 7. cxd4 e6 8. O-O Nf6 9. Nc3 Qa5 10. h3 Bh5 11. Qb3 {[%emt 0:00:00] 11.a3 is setting a new trend.} Qb4 12. Rd1 Rd8 {[%emt 0:18:25] B22: Sicilian: 2 c3.} 13. Be3 Be7 14. g4 Bg6 {[%emt 0:00:08] White is slightly better.} 15. Ne5 O-O 16. g5 {[%emt 0:00:00] [#] Hoping for Nxc6.} Nd7 $146 ({Predecessor:} 16... Nd5 17. Nxd5 exd5 {½-½ (17) Denisov,L (2145)-Leisle,D (2170) Novokuznetsk 1998}) 17. Nxd7 Qxb3 18. axb3 Rxd7 19. d5 exd5 {[%emt 0:01:58] ...d4 is the strong threat.} 20. Nxd5 {[%emt 0:00:00][%cal Od5f6] Threatens to win with Nf6+!} Bd6 21. b4 {[%emt 0:00:00] Black must now prevent b5.} Be4 (21... a6 $11) 22. Bg4 Rdd8 23. Nc3 Bc2 24. Rd2 Bb3 25. b5 Ne5 26. Be2 f5 (26... a6 $14) 27. Rxa7 f4 {[%emt 0:00:36] [#]} 28. Bb6 $36 {[%emt 0:00:00][%mdl 2048] White is really pushing.} f3 $2 (28... Rd7 $16) 29. Bd1 $18 {[%emt 0:00:00] White is clearly winning.} Be6 30. Bxd8 Rxd8 31. b3 {[%emt 0:00:18] Prevents Nc4.  Weighted Error Value: White=0.07 (flawless) /Black=0.58} 1-0

[Event "Charlotte IM-C May 2022"]
[Site "Charlotte"]
[Date "2022.05.08"]
[Round "8.5"]
[White "Andrews, Todd"]
[Black "Fawole, John Oyeyemi"]
[Result "1-0"]
[ECO "B86"]
[WhiteElo "2209"]
[BlackElo "2118"]
[Annotator "TA"]
[PlyCount "108"]
[EventDate "2022.05.04"]
[EventType "tourn"]
[EventCountry "USA"]
[SourceTitle "playchess.com"]
[Source "ChessBase"]
[SourceQuality "1"]
[TimeControl "5400+30"]

1. e4 c5 2. Nf3 d6 3. d4 cxd4 4. Nxd4 Nf6 5. Nc3 a6 6. Bc4 e6 7. Bb3 Be7 {[%emt 0:00:43][%cal Bf8e7,Be7g5,Bg5h6][%mdl 32] 7...Nbd7 is a critical line.} 8. Qe2 {[%emt 0:00:12] B86: Sicilian Scheveningen/Najdorf: 6 Bc4, without early ...b5.} O-O 9. g4 Nc6 10. Nxc6 {[%emt 0:01:39] The position is equal.} bxc6 11. g5 Nd7 {[%emt 0:00:04] [#]} 12. Be3 $146 ({Predecessor:} 12. h4 d5 13. Be3 a5 14. exd5 cxd5 15. Bd4 Nc5 16. Qe3 {½-½ (16) Schmidt,W (2078)-Striebich,R (2206) Germany 2009}) 12... Bxg5 13. O-O-O d5 14. f4 Bh6 (14... Bf6 $5 ) 15. Rhg1 Kh8 16. Kb1 f5 17. e5 (17. exd5 $11 exd5 18. Qf3) 17... Qa5 ({Black should try} 17... Qc7 $17) 18. Bd2 (18. Qf2 $1 $11 {was the only way to keep the balance.}) 18... Qc7 $1 $17 19. Rg3 Bb7 20. Na4 c5 21. c4 d4 22. Rdg1 Bc6 23. Rh3 Rab8 24. Qh5 {[%emt 0:01:20][%cal Og1g7] And now Rxg7! would win.} Be4+ 25. Ka1 Rg8 26. Qf7 Rgf8 27. Qh5 Rg8 28. Qf7 Rbf8 29. Qxe6 Nxe5 $1 30. Ba5 $2 Qxa5 $19 31. Rxh6 (31. Qxe5 $142 Re8 32. Qxc5 Qxc5 33. Nxc5) 31... Ng4 (31... Nf3 $2 32. Rxh7+ $3 Kxh7 33. Qg6+ Kh8 34. Qh5#) 32. Rh4 (32. Rh3 {was called for.}) 32... Qd2 $2 (32... Re8 $19 33. Qb6 Qxb6 34. Nxb6 d3) 33. Rhxg4 $17 fxg4 34. Qxe4 {[%emt 0:00:01] Bc2 is the strong threat.} Re8 $2 (34... Rxf4 $17 35. Qc2 Qxc2 36. Bxc2 Rc8) 35. Qb1 $14 Re2 (35... Qb4 $14) 36. a3 ({Avoid the trap} 36. Rxg4 $2 Re1 37. Rg1 Rxb1+ $19) ({White should play} 36. Nxc5 {Hoping for Nd3.} Qxf4 37. Bd1 (37. Nxa6 d3 $14) 37... Rxh2 38. Bxg4 (38. Rxg4 Qf2 $16)) 36... Rb8 37. Ka2 {[%emt 0:00:21][%mdl 8192] [#]} (37. Nxc5 $14 a5 38. Ka2) 37... Re3 $4 (37... Rxb3 $1 $19 {[%mdl 512] avoids the disaster.} 38. Kxb3 Re3+ 39. Nc3 dxc3) 38. Nxc5 $18 Qa5 39. Nd3 {[%emt 0:00:11] Strongly threatening Qc2.} Qf5 40. Rd1 Re2 {[%emt 0:00:20] [#]} 41. c5 $2 (41. Qc1 $1 $18) 41... Rxb3 $1 $14 42. Kxb3 Qf7+ 43. Kb4 {[%emt 0:00:27] Black must now prevent Qc1.} a5+ $1 44. Kb5 {[%emt 0:01:02] Threatens to win with Re1.} Qb3+ 45. Nb4 $1 Re8 $2 {[%emt 0:01:17][%mdl 8192] [#]} (45... axb4 $11 46. Qd3 Qxb2 47. axb4 Re8 48. Qxd4 Qe2+ 49. Kb6 Rb8+ 50. Ka7 (50. Kc7 Rg8 $11) 50... Rg8) 46. Qd3 $1 $18 Rb8+ (46... Qxb2 47. Rd2) 47. Kxa5 Ra8+ 48. Na6 Qxb2 49. Rb1 Qa2 50. Qb3 Qd2+ 51. Qb4 Qxf4 {[%emt 0:00:14] [#]} 52. Qb8+ $1 {[%emt 0:00:56][%mdl 512] White mates.} Rxb8 53. Rxb8+ Qxb8 54. Nxb8 d3 {[%emt 0:00:12] Weighted Error Value: White=0.44/Black=0.63} 1-0

[Event "Charlotte IM-C May 2022"]
[Site "Charlotte"]
[Date "2022.05.08"]
[Round "9.2"]
[White "Rorrer, Grayson"]
[Black "Andrews, Todd"]
[Result "1-0"]
[ECO "C04"]
[WhiteElo "2204"]
[BlackElo "2209"]
[Annotator "TA"]
[PlyCount "61"]
[EventDate "2022.05.04"]
[EventType "tourn"]
[EventCountry "USA"]
[SourceTitle "playchess.com"]
[Source "ChessBase"]
[SourceQuality "1"]
[TimeControl "5400+30"]

1. e4 e6 2. d4 d5 3. Nd2 Nc6 4. Ngf3 Nf6 5. e5 Nd7 6. Be2 f6 7. exf6 Qxf6 8. Nf1 Bd6 9. Ne3 O-O 10. O-O Nb6 {[%emt 0:00:14] C04: French Tarrasch: 3...Nc6.} (10... Qf7 $14) 11. h3 (11. Ng4 $16 Qg6 12. Nge5) 11... e5 $1 $14 {[%emt 0:11:35] [#]} 12. dxe5 $146 (12. Nxd5 $1 $11 Nxd5 13. dxe5 Nxe5 14. Qxd5+ Be6 15. Qxb7) ({Predecessor:} 12. Nxd5 Nxd5 13. dxe5 Nxe5 14. Qxd5+ Be6 15. Qxb7 c6 16. Ng5 Bd5 17. f4 Ng6 18. c4 Qd4+ 19. Kh1 Bxc4 20. Rd1 Qc5 21. b4 {1-0 (21) Efimenko,Z (2245)-Kapturowski,G Istanbul 1998}) 12... Nxe5 $15 {[%emt 0:00:17] Black is slightly better.} 13. Nxd5 (13. Nd4 $15) 13... Nxf3+ $17 {[%emt 0:00:30][%mdl 64] Remove Defender} 14. Bxf3 Qe5 15. Re1 (15. Bf4 {might work better.} Rxf4 16. Nxf4 Qxf4 17. g3) 15... Qh2+ $19 16. Kf1 {[%emt 0:00:03] [#]} Bxh3 $2 17. gxh3 $11 {[%emt 0:04:07] Qe2 is the strong threat.} Qxh3+ $2 (17... c6 $11 {and Black stays safe.} 18. Nxb6 Qxh3+ 19. Bg2 Rxf2+ 20. Kxf2 Rf8+ 21. Ke2 (21. Bf3 $2 Qg3+ 22. Ke3 Bc5+ 23. Kd3 Rd8+ 24. Kc4 Rxd1 $19) 21... Re8+ 22. Kf1 Rf8+ 23. Ke2 (23. Bf4 $2 Rxf4+ 24. Ke2 Qxg2+ 25. Kd3 Qg6+ 26. Ke3 Qg5 $19) 23... Re8+ 24. Kf1 Rf8+ 25. Ke2 (25. Bf4 $2 Rxf4+ 26. Ke2 Qxg2+ 27. Kd3 Qg6+ 28. Kd2 Rd4+ 29. Kc1 Rxd1+ 30. Rxd1 axb6 $19)) 18. Bg2 $18 Qh4 {[%emt 0:12:34] This costs Black the game.} (18... Rxf2+ $16 19. Kxf2 Qg3+ 20. Kf1 Rf8+ 21. Bf4 Bxf4 22. Ne7+ Kh8) 19. Be3 {[%emt 0:05:30][%cal Bc1e3,Be3f4,Bf4h2][%mdl 32] Strongly threatening Qd4.} Rae8 $2 (19... Bg3 {was called for.} 20. Re2 Rad8) 20. Qd4 Qh2 21. Qg4 {[%emt 0:05:40] aiming for Bd4.} ({Much less strong is} 21. Nxb6 axb6 22. Qd5+ Kh8 $18) 21... Kh8 {[%emt 0:02:38] [#]} (21... h5 $142 22. Qg6 Qh4) 22. Bf4 $1 {[%emt 0:02:44][%mdl 512] White is clearly winning.} Rxe1+ (22... Bxf4 23. Nxf4) 23. Rxe1 Bc5 24. Bxh2 Rxf2+ 25. Kg1 Re2+ 26. Kh1 Rxe1+ {[%emt 0:00:03] [#]} 27. Bg1 $1 Bxg1 28. Nxb6 Bc5+ 29. Kh2 {[%emt 0:00:29] Qc8+ would kill now.} Bd6+ 30. Kh3 {[%emt 0:00:17] Threatening mate with Qc8+.} Re3+ 31. Bf3 {[%emt 0:00:05] Weighted Error Value: White=0.52/Black=0.85} ({But not} 31. Kh4 $2 Be7+ 32. Qg5 Bxg5+ 33. Kxg5 Rg3+ 34. Kf5 Rxg2 $19) 1-0

[Event "Charlotte IM-C May 2022"]
[Site "Charlotte"]
[Date "2022.05.08"]
[Round "9.4"]
[White "Zapata, Alonso"]
[Black "Andrianov, Nikolai"]
[Result "1/2-1/2"]
[ECO "B76"]
[WhiteElo "2367"]
[BlackElo "2317"]
[Annotator "TA"]
[PlyCount "39"]
[EventDate "2022.05.04"]
[EventType "tourn"]
[EventCountry "USA"]
[SourceTitle "playchess.com"]
[Source "ChessBase"]
[SourceQuality "1"]
[TimeControl "5400+30"]

1. e4 c5 2. Nf3 Nc6 3. d4 cxd4 4. Nxd4 g6 5. Nc3 Bg7 6. Be3 Nf6 7. Bc4 O-O 8. Bb3 d6 9. f3 Na5 {[%emt 0:00:00] B76: Sicilian Dragon: Yugoslav Attack, 9 g4 and 9 0-0-0.} 10. g4 Bd7 (10... d5 $11) 11. h4 Nxb3 {[%emt 0:00:00] White has an edge.} 12. axb3 (12. cxb3 $5 h5 13. g5 $11) 12... h5 13. gxh5 Nxh5 14. Qd2 a6 ({Better is} 14... b5 $11) 15. Bh6 {[%emt 0:00:00] [#]} Rc8 $146 ({Predecessor:} 15... e5 16. Nde2 Qf6 17. Bxg7 Kxg7 18. O-O-O Be6 19. Qxd6 Rad8 20. Qc7 b5 21. Rhf1 Bh3 {½-½ (37) Laube,B (2376)-Cijs,P (2377) ICCF email 2010}) 16. Nde2 {[%emt 0:00:00] White is more active.} (16. O-O-O $14) 16... Rc5 (16... Bb5 $11) 17. Rg1 ({White should play} 17. O-O-O $16) 17... Ra5 $11 18. Rd1 Bc6 19. b4 Re5 20. Bxg7 {[%emt 0:00:00] Weighted Error Value: White=0.27 (precise) /Black=0.28 (precise)} 1/2-1/2

[Event "Charlotte IM-C May 2022"]
[Site "Charlotte"]
[Date "2022.05.08"]
[Round "9.5"]
[White "Johnson, Donald"]
[Black "Wang, Tianqi"]
[Result "1/2-1/2"]
[ECO "B12"]
[WhiteElo "2102"]
[BlackElo "2331"]
[Annotator "TA"]
[PlyCount "93"]
[EventDate "2022.05.04"]
[EventType "tourn"]
[EventCountry "USA"]
[SourceTitle "playchess.com"]
[Source "ChessBase"]
[SourceQuality "1"]
[TimeControl "5400+30"]

1. e4 c6 2. d4 d5 3. e5 Bf5 4. Nf3 e6 5. Be2 Ne7 6. O-O c5 7. c4 Nbc6 8. dxc5 {[%emt 0:00:28] B12: Caro-Kann: Advance Variation.} d4 {[%emt 0:02:22] [#] White must now prevent ...d3.} 9. Bd3 Bxd3 10. Qxd3 Ng6 11. Qe4 Bxc5 12. Nbd2 ({But not} 12. Bg5 Qc7 $15) 12... O-O 13. Nb3 Qb6 14. h4 {[%emt 0:02:03] With the idea h5.} h6 15. Bd2 a5 16. Nc1 (16. h5 $5 Nge7 17. Rfd1 $11) 16... Bb4 {[%emt 0:04:15] [#]} 17. Rd1 $146 ({Predecessor:} 17. Nd3 Bxd2 18. Nxd2 Nb4 19. Nxb4 Qxb4 20. Rfd1 Rfd8 21. h5 Ne7 22. b3 Nc6 23. Nf3 Qc5 24. Rd2 Rd7 25. Rad1 Rad8 26. a4 d3 27. Rxd3 {½-½ (27) Bakre,T (2457)-Sunilduth Lyna,N (2524) Bhopal 2017}) 17... Rfd8 ({Black should try} 17... Bxd2 $15 18. Rxd2 Qc5) 18. Nd3 $11 Bxd2 19. Rxd2 Nb4 20. Nxb4 Qxb4 21. b3 a4 22. Rb1 axb3 23. axb3 Ne7 24. Rxd4 Nc6 25. Rxd8+ Rxd8 26. Kf1 Qc3 {[%emt 0:00:39] The position is equal.} 27. Qe1 Qc2 28. Qc1 Qd3+ 29. Kg1 Nd4 30. Nxd4 Qxd4 {[%emt 0:00:33][%mdl 4096] Endgame KQR-KQR} 31. Qe1 Qxh4 32. Rd1 Rxd1 33. Qxd1 {[%emt 0:00:00] KQ-KQ} Qe4 34. Qa1 g5 35. Qc3 Kg7 36. f3 Qb1+ 37. Kh2 h5 38. Qe3 g4 39. c5 gxf3 40. Qxf3 Qc2 41. Qf6+ Kg8 42. Qg5+ Kf8 43. Qd8+ Kg7 44. Qf6+ Kg8 45. Qg5+ Kf8 46. Qd8+ Kg7 47. Qf6+ {[%emt 0:00:05] Weighted Error Value: White=0.07 (flawless) /Black=0.07 (flawless)} 1/2-1/2